EVO
RICE UNIVERSITY OWLS @ UCLA BRUINS
12/08/2044
 
TOP OF THE 1ST
Rice University Owls batting - Pitching for UCLA Bruins : LHP Brett Reed
Pitching: LHP Brett Reed
Batting: LHB Josh Corkery 0-0: Foul Ball, location: 2F
0-1: SINGLE (Groundball, 56S, EV 73.1 MPH) (infield hit)
Batting: RHB Akichika Yamano 0-0: Called Strike
0-1: Ball
1-1: Swinging Strike
1-2: Fielders Choice at 2nd, 5-4 (Groundball, 56, EV 88.8 MPH)
Batting: RHB Tony Casas 0-0: Swinging Strike
0-1: Foul Ball, location: 2F
0-2: Fielders Choice at 2nd, 6-4 (Groundball, 6S, EV 86.9 MPH)
Batting: RHB Troy Trice 0-0: Ball
1-0: Ball
2-0: Foul Ball, location: 2F
2-1: Fly out, F8 (Flyball, 8RD, EV 88.1 MPH)
Top of the 1st over - 0 runs, 1 hit, 0 errors, 1 left on base; Rice University 0 - UCLA 0
BOTTOM OF THE 1ST
UCLA Bruins batting - Pitching for Rice University Owls : RHP Dave Crouch
Pitching: RHP Dave Crouch
Batting: SHB Jay Gagnon 0-0: Ball
1-0: Ball
2-0: Ball
3-0: Called Strike
3-1: SINGLE (Line Drive, 7LS, EV 98.1 MPH)
Batting: RHB Robby Hickman 0-0: Ball
1-0: Foul Ball, location: 2F
1-1: Ball
2-1: Foul Ball, location: 2F
2-2: Ball
3-2: Foul Ball, location: 2F
3-2: SINGLE (Flyball, 89S, EV 90.0 MPH)
Jay Gagnon to second
Batting: RHB Wan-ling Zhu 0-0: Ball
1-0: Called Strike
1-1: Foul Ball, location: 2F
1-2: Foul Ball, location: 2F
1-2: Grounds into double play, 5-4-3 (Groundball, 56S, EV 81.9 MPH)
Jay Gagnon to third
Batting: RHB Nate Dabney 0-0: Called Strike
0-1: Fly out, F9 (Line Drive, 9, EV 85.6 MPH)
Bottom of the 1st over - 0 runs, 2 hits, 0 errors, 1 left on base; Rice University 0 - UCLA 0
TOP OF THE 2ND
Rice University Owls batting - Pitching for UCLA Bruins : LHP Brett Reed
Batting: RHB Logan Johnson 0-0: Called Strike
0-1: Ball
1-1: Ball
2-1: Ball
3-1: Fly out, F9 (Flyball, 9D, EV 103.8 MPH)
Batting: RHB Roberto Aispuro 0-0: Called Strike
0-1: DOUBLE (Line Drive, 7LS, EV 111.9 MPH)
Batting: RHB Tony Beaumond 0-0: Ball
1-0: Ground out 5-3 (Groundball, 56, EV 84.4 MPH)
Batting: LHB Jeff Palmowski 0-0: Fly out, F7 (Flyball, 78S, EV 82.5 MPH)
Top of the 2nd over - 0 runs, 1 hit, 0 errors, 1 left on base; Rice University 0 - UCLA 0
BOTTOM OF THE 2ND
UCLA Bruins batting - Pitching for Rice University Owls : RHP Dave Crouch
Batting: RHB Eddie Serna 0-0: Ball
1-0: Ball
2-0: Called Strike
2-1: Ball
3-1: Swinging Strike
3-2: Strikes out swinging
Batting: LHB Chris Jackson 0-0: Called Strike
0-1: SINGLE (Groundball, 4MD, EV 99.4 MPH)
Batting: RHB Leo Gonzalez Pickoff Throw to First - Out! 1-3
0-0: Ball
1-0: Called Strike
1-1: Swinging Strike
1-2: Strikes out swinging
Bottom of the 2nd over - 0 runs, 1 hit, 0 errors, 0 left on base; Rice University 0 - UCLA 0
TOP OF THE 3RD
Rice University Owls batting - Pitching for UCLA Bruins : LHP Brett Reed
Batting: RHB Jim Freels 0-0: Foul Ball, location: 2F
0-1: Ball
1-1: Foul Ball, location: 2F
1-2: Ball
2-2: Ground out 6-3 (Groundball, 6S, EV 83.1 MPH)
Batting: LHB Josh Corkery 0-0: Fly out, F8 (Line Drive, 8RM, EV 90.0 MPH)
Batting: RHB Akichika Yamano 0-0: Called Strike
0-1: Ball
1-1: Swinging Strike
1-2: Strikes out swinging
Top of the 3rd over - 0 runs, 0 hits, 0 errors, 0 left on base; Rice University 0 - UCLA 0
BOTTOM OF THE 3RD
UCLA Bruins batting - Pitching for Rice University Owls : RHP Dave Crouch
Batting: RHB Steve Errico 0-0: Swinging Strike
0-1: Ball
1-1: Ball
2-1: Ball
3-1: Swinging Strike
3-2: Strikes out looking
Batting: RHB Rusty Trader 0-0: Swinging Strike
0-1: Ball
1-1: Ball
2-1: Ball
3-1: Ground out 1-3 (Groundball, 25, EV 73.1 MPH)
Batting: SHB Jay Gagnon 0-0: Ball
1-0: Ball
2-0: Called Strike
2-1: Swinging Strike
2-2: Foul Ball, location: 2F
2-2: Foul Ball, location: 2F
2-2: Foul Ball, location: 2F
2-2: Foul Ball, location: 2F
2-2: Strikes out swinging
Bottom of the 3rd over - 0 runs, 0 hits, 0 errors, 0 left on base; Rice University 0 - UCLA 0
TOP OF THE 4TH
Rice University Owls batting - Pitching for UCLA Bruins : LHP Brett Reed
Batting: RHB Tony Casas 0-0: Ball
1-0: Foul Ball, location: 2F
1-1: Called Strike
1-2: Ball
2-2: Ground out 5-3 (Groundball, 56, EV 81.2 MPH)
Batting: RHB Troy Trice 0-0: Ball
1-0: Ball
2-0: Foul Ball, location: 2F
2-1: SINGLE (Popup, 5D, EV 45.0 MPH)
Batting: RHB Logan Johnson 0-0: Called Strike
0-1: Ball
1-1: Ball
2-1: Foul Ball, location: 2F
2-2: Ball
3-2: Foul Ball, location: 2F
3-2: Fly out, F9 (Line Drive, 9D, EV 98.1 MPH)
Batting: RHB Roberto Aispuro 0-0: Fielders Choice at 2nd, U6 (Groundball, 6M, EV 81.9 MPH)
Top of the 4th over - 0 runs, 1 hit, 0 errors, 1 left on base; Rice University 0 - UCLA 0
BOTTOM OF THE 4TH
UCLA Bruins batting - Pitching for Rice University Owls : RHP Dave Crouch
Batting: RHB Robby Hickman 0-0: Ball
1-0: Called Strike
1-1: Ball
2-1: Foul Ball, location: 2F
2-2: Foul Ball, location: 2F
2-2: Strikes out swinging
Batting: RHB Wan-ling Zhu 0-0: Ball
1-0: Called Strike
1-1: Foul Ball, location: 2F
1-2: Ball
2-2: Strikes out swinging
Batting: RHB Nate Dabney 0-0: Foul Ball, location: 2F
0-1: Ball
1-1: Ground out 6-3 (Groundball, 6, EV 97.5 MPH)
Bottom of the 4th over - 0 runs, 0 hits, 0 errors, 0 left on base; Rice University 0 - UCLA 0
TOP OF THE 5TH
Rice University Owls batting - Pitching for UCLA Bruins : LHP Brett Reed
Batting: RHB Tony Beaumond 0-0: Ground out 4-3 (Groundball, 34, EV 79.4 MPH)
Batting: LHB Jeff Palmowski 0-0: Ball
1-0: Called Strike
1-1: Foul Ball, location: 2F
1-2: Fly out, F7 (Line Drive, 7, EV 108.1 MPH)
Batting: RHB Jim Freels 0-0: Swinging Strike
0-1: Called Strike
0-2: Foul Ball, location: 2F
0-2: Foul Ball, location: 2F
0-2: Foul Ball, location: 2F
0-2: Ball
1-2: Fly out, F9 (Flyball, 89D, EV 76.2 MPH)
Top of the 5th over - 0 runs, 0 hits, 0 errors, 0 left on base; Rice University 0 - UCLA 0
BOTTOM OF THE 5TH
UCLA Bruins batting - Pitching for Rice University Owls : RHP Dave Crouch
Batting: RHB Eddie Serna 0-0: Ball
1-0: Foul Ball, location: 2F
1-1: Called Strike
1-2: Foul Ball, location: 2F
1-2: Strikes out swinging, 2-3 out at first.
Batting: LHB Chris Jackson 0-0: Ball
1-0: Foul Ball, location: 2F
1-1: Foul Ball, location: 2F
1-2: Ball
2-2: Strikes out looking
Batting: RHB Leo Gonzalez 0-0: Swinging Strike
0-1: Ball
1-1: Called Strike
1-2: Ball
2-2: Strikes out swinging
Bottom of the 5th over - 0 runs, 0 hits, 0 errors, 0 left on base; Rice University 0 - UCLA 0
TOP OF THE 6TH
Rice University Owls batting - Pitching for UCLA Bruins : LHP Brett Reed
Batting: LHB Josh Corkery 0-0: SINGLE (Line Drive, 4D, EV 97.5 MPH)
Batting: RHB Akichika Yamano 0-0: Ball
Pickoff Throw to First - Error! E1
Josh Corkery to second
1-0: Called Strike
1-1: SINGLE (Groundball, 5D, EV 99.4 MPH)
Josh Corkery to third
Batting: RHB Tony Casas 0-0: Foul Ball, location: 2F
0-1: Ball
1-1: Called Strike
1-2: Ball
2-2: Fly out, F6 (Popup, 6D, EV 45.6 MPH)
Batting: RHB Troy Trice 0-0: Ball
1-0: Called Strike
1-1: Grounds into double play, 6-4-3 (Groundball, 6, EV 90.6 MPH)
Top of the 6th over - 0 runs, 2 hits, 1 error, 1 left on base; Rice University 0 - UCLA 0
BOTTOM OF THE 6TH
UCLA Bruins batting - Pitching for Rice University Owls : RHP Dave Crouch
Pitching: LHP Tyler Portier
Batting: RHB Steve Errico 0-0: Ball
1-0: Ball
2-0: Swinging Strike
2-1: Swinging Strike
2-2: Ball
3-2: Strikes out looking
Batting: RHB Rusty Trader 0-0: Called Strike
0-1: Called Strike
0-2: SOLO HOME RUN (Flyball, 9D, EV 96.9 MPH), Distance : 360 ft
Batting: SHB Jay Gagnon 0-0: Called Strike
0-1: Ball
1-1: Foul Ball, location: 2F
1-2: Strikes out swinging
Batting: RHB Robby Hickman 0-0: Swinging Strike
0-1: Ball
1-1: Ball
2-1: Called Strike
2-2: Foul Ball, location: 2F
2-2: Ball
3-2: Foul Ball, location: 2F
3-2: Strikes out swinging
Bottom of the 6th over - 1 run, 1 hit, 0 errors, 0 left on base; Rice University 0 - UCLA 1
TOP OF THE 7TH
Rice University Owls batting - Pitching for UCLA Bruins : LHP Brett Reed
Batting: RHB Logan Johnson 0-0: Ball
1-0: Ball
2-0: Fly out, F9 (Line Drive, 9D, EV 106.9 MPH)
Pitching: LHP Loo Lei
Batting: RHB Roberto Aispuro 0-0: Ball
1-0: Fly out, F8 (Flyball, 89D, EV 103.8 MPH)
Batting: RHB Tony Beaumond 0-0: Ball
1-0: Ground out 4-3 (Groundball, 4, EV 84.4 MPH)
Top of the 7th over - 0 runs, 0 hits, 0 errors, 0 left on base; Rice University 0 - UCLA 1
BOTTOM OF THE 7TH
UCLA Bruins batting - Pitching for Rice University Owls : LHP Tyler Portier
Pitching: LHP Alex Ramirez
Batting: RHB Wan-ling Zhu 0-0: Called Strike
0-1: Ball
1-1: Called Strike
1-2: Ground out U3 (Groundball, 34, EV 100.0 MPH)
Batting: RHB Nate Dabney 0-0: Ball
1-0: Called Strike
1-1: Fly out, F9 (Line Drive, 9, EV 90.0 MPH)
Batting: RHB Eddie Serna 0-0: Ball
1-0: Ball
2-0: Ball
3-0: Base on Balls
Batting: LHB Chris Jackson 0-0: Ground out 4-3 (Groundball, 4MS, EV 66.9 MPH)
Bottom of the 7th over - 0 runs, 0 hits, 0 errors, 1 left on base; Rice University 0 - UCLA 1
TOP OF THE 8TH
Rice University Owls batting - Pitching for UCLA Bruins : LHP Loo Lei
Batting: RHB Jonas Fernandez 0-0: Ground out 6-3 (Groundball, 6, EV 101.2 MPH)
Batting: RHB Jim Freels 0-0: Called Strike
0-1: Called Strike
0-2: Ball
1-2: Foul Ball, location: 2F
1-2: Foul Ball, location: 2F
1-2: Ball
2-2: Strikes out swinging, 2-3 out at first.
Pinch Hitting: RHB Steve Goodall 0-0: Called Strike
0-1: Ball
1-1: Swinging Strike
1-2: Ball
2-2: Strikes out swinging
Top of the 8th over - 0 runs, 0 hits, 0 errors, 0 left on base; Rice University 0 - UCLA 1
BOTTOM OF THE 8TH
UCLA Bruins batting - Pitching for Rice University Owls : LHP Alex Ramirez
Now at 2B: Steve Goodall
Batting: RHB Leo Gonzalez 0-0: Called Strike
0-1: Ball
1-1: Fly out, F8 (Line Drive, 8RM, EV 91.2 MPH)
Batting: RHB Steve Errico 0-0: Ball
1-0: Called Strike
1-1: Ball
2-1: Foul Ball, location: 2F
2-2: Fly out, F7 (Flyball, 7LM, EV 90.6 MPH)
Batting: RHB Rusty Trader 0-0: Ball
1-0: Ball
2-0: Swinging Strike
2-1: Foul Ball, location: 2F
2-2: Strikes out swinging
Bottom of the 8th over - 0 runs, 0 hits, 0 errors, 0 left on base; Rice University 0 - UCLA 1
TOP OF THE 9TH
Rice University Owls batting - Pitching for UCLA Bruins : LHP Loo Lei
Batting: RHB Akichika Yamano 0-0: Foul Ball, location: 2F
0-1: Fly out, F7 (Flyball, 7S, EV 68.8 MPH)
Batting: RHB Tony Casas 0-0: Foul Ball, location: 2F
0-1: Ball
1-1: Ball
2-1: Called Strike
2-2: Fly out, F8 (Flyball, 8RM, EV 91.9 MPH)
Batting: RHB Troy Trice 0-0: DOUBLE (Line Drive, 9LS, EV 111.9 MPH)
Batting: RHB Logan Johnson 0-0: Ball
1-0: Ball
2-0: Ball
3-0: Called Strike
3-1: Base on Balls
Batting: RHB Roberto Aispuro 0-0: Ball
Passed Ball!
Troy Trice to third
Logan Johnson to second
1-0: Foul Ball, location: 2F
1-1: Fly out, F8 (Line Drive, 8RD, EV 93.8 MPH)
Top of the 9th over - 0 runs, 1 hit, 0 errors, 2 left on base; Rice University 0 - UCLA 1
Thursday, March 31st , 2022 - OOTP Baseball 22.12 Build 89